[ PARTIDA AOE2 · #477043123 ]
UnrankedBritanos vs Italians
[ ANÁLISIS DE REPETICIÓN · EXTRAÍDO DE LA PARTIDA GRABADA ]
Feudal
10:10
Castillos
14:07
Imperial
28:42
| APM promedio | 33.0 |
| APM pico | 79 |
| eAPM promedio | 20.1 |
| Aldeanos / militares | 182 / 69 |
Foco
⚔️ 22.7% · 🌾 77.3%
Longbowman ×63 · Trebuchet (Packed) ×6
Feudal
10:31
Castillos
14:26
Imperial
24:00
| APM promedio | 43.8 |
| APM pico | 83 |
| eAPM promedio | 26.0 |
| Aldeanos / militares | 207 / 83 |
Foco
⚔️ 44.9% · 🌾 55.1%
Genoese Crossbowman ×34 · Skirmisher ×24 · Trebuchet (Packed) ×17 · Petard ×3 · Bombard Cannon ×3 · Mangonel ×2
Feudal
10:48
Castillos
13:28
Imperial
27:18
| APM promedio | 32.8 |
| APM pico | 87 |
| eAPM promedio | 21.5 |
| Aldeanos / militares | 163 / 150 |
Foco
⚔️ 33.8% · 🌾 66.2%
Battle Elephant ×143 · Trebuchet (Packed) ×4 · Monk ×3
Feudal
11:30
Castillos
15:10
Imperial
—
| APM promedio | 47.0 |
| APM pico | 99 |
| eAPM promedio | 28.2 |
| Aldeanos / militares | 135 / 165 |
Foco
⚔️ 51.2% · 🌾 48.8%
Knight ×140 · Monk ×11 · Spearman ×6 · Scout Cavalry ×5 · Petard ×3
Feudal
11:22
Castillos
14:44
Imperial
31:37
| APM promedio | 55.0 |
| APM pico | 100 |
| eAPM promedio | 30.9 |
| Aldeanos / militares | 231 / 204 |
Foco
⚔️ 35.0% · 🌾 65.0%
Spearman ×127 · Archer ×74 · Battering Ram ×2 · Mangonel ×1
Feudal
10:34
Castillos
20:21
Imperial
38:07
| APM promedio | 31.1 |
| APM pico | 78 |
| eAPM promedio | 20.1 |
| Aldeanos / militares | 228 / 59 |
Foco
⚔️ 27.6% · 🌾 72.4%
Archer ×57 · Monk ×2
Feudal
11:00
Castillos
13:45
Imperial
28:31
| APM promedio | 37.0 |
| APM pico | 77 |
| eAPM promedio | 19.3 |
| Aldeanos / militares | 182 / 269 |
Foco
⚔️ 36.6% · 🌾 63.4%
Battle Elephant ×258 · Monk ×4 · Petard ×3 · Trebuchet (Packed) ×3 · Mangonel ×1
Feudal
8:25
Castillos
19:07
Imperial
31:43
| APM promedio | 59.3 |
| APM pico | 168 |
| eAPM promedio | 39.0 |
| Aldeanos / militares | 162 / 259 |
Foco
⚔️ 43.0% · 🌾 57.0%
Spearman ×199 · Knight ×43 · Battering Ram ×9 · Trebuchet (Packed) ×8
Mapa de la partida
Recursos iniciales + cada clic de construcción. Líneas = muros · curvas = relieve. ◆ oro · ⬟ piedra · ● bayas · ✦ reliquia · ◌ hueco del cierre
Tu base· ✓ Cerrada en 14:07 · 0t muro · 3 puerta(s)
Base de 菜就多练· ✓ Cerrada en 14:26 · 0t muro · 2 puerta(s)
Base de [CL] Feargoras· ✓ Cerrada en 13:28 · 0t muro · 2 puerta(s)
Base de 痛苦小果· ✓ Cerrada en 15:10 · 0t muro · 2 puerta(s)
Base de 菜菜虎· ✓ Cerrada en 14:44 · 0t muro · 2 puerta(s)
Base de NO_AFK_PLZ:(· ✓ Cerrada en 20:21 · 0t muro · 2 puerta(s)
Base de word马亚· ✓ Cerrada en 13:45 · 0t muro · 2 puerta(s)
Base de Ace_Golden_Horse· ✓ Cerrada en 19:07 · 0t muro · 3 puerta(s)
Terreno inicial suavizado · ◌ = hueco del cierre detectado · pasá el cursor para detalles
Inputs por minuto
— _ - - 菜就多练
Build order — _
Primeras 150 de 409 acciones detectadas
| 0:01 | Crear | Villager (Male) |
| 0:01 | Crear | Villager (Male) |
| 0:03 | Construir | House |
| 0:04 | Construir | House |
| 0:14 | Crear | Villager (Male) |
| 0:15 | Crear | Villager (Male) |
| 0:15 | Crear | Villager (Male) |
| 1:20 | Crear | Villager (Male) |
| 1:20 | Crear | Villager (Male) |
| 1:53 | Construir | Lumber Camp |
| 2:03 | Crear | Villager (Male) |
| 2:03 | Crear | Villager (Male) |
| 2:20 | Crear | Villager (Male) |
| 2:20 | Crear | Villager (Male) |
| 2:46 | Crear | Villager (Male) |
| 2:46 | Crear | Villager (Male) |
| 2:59 | Crear | Villager (Male) |
| 2:59 | Crear | Villager (Male) |
| 3:00 | Crear | Villager (Male) |
| 4:05 | Construir | House |
| 4:06 | Construir | House |
| 4:07 | Construir | House |
| 4:15 | Crear | Villager (Male) |
| 4:15 | Crear | Villager (Male) |
| 4:16 | Crear | Villager (Male) |
| 4:16 | Crear | Villager (Male) |
| 4:55 | Crear | Villager (Male) |
| 5:02 | Crear | Villager (Male) |
| 5:02 | Crear | Villager (Male) |
| 5:13 | Crear | Villager (Male) |
| 5:13 | Crear | Villager (Male) |
| 5:26 | Construir | Mill |
| 5:59 | Crear | Villager (Male) |
| 5:59 | Crear | Villager (Male) |
| 6:29 | Crear | Villager (Male) |
| 6:30 | Crear | Villager (Male) |
| 6:30 | Crear | Villager (Male) |
| 6:30 | Crear | Villager (Male) |
| 6:33 | Construir | Farm |
| 6:41 | Crear | Villager (Male) |
| 6:41 | Crear | Villager (Male) |
| 6:42 | Crear | Villager (Male) |
| 6:42 | Crear | Villager (Male) |
| 6:42 | Crear | Villager (Male) |
| 6:52 | Crear | Villager (Male) |
| 6:52 | Crear | Villager (Male) |
| 7:02 | Construir | Farm |
| 7:21 | Investigar | Feudal Age |
| 7:44 | Construir | Mining Camp |
| 10:10 | Edad | Edad Feudal |
| 10:12 | Crear | Villager (Male) |
| 10:13 | Crear | Villager (Male) |
| 10:17 | Construir | Market |
| 10:33 | Crear | Villager (Male) |
| 10:42 | Construir | Blacksmith |
| 11:23 | Investigar | Castle Age |
| 11:35 | Investigar | Double-Bit Axe |
| 11:47 | Investigar | Horse Collar |
| 11:48 | Investigar | Horse Collar |
| 12:13 | Construir | Farm |
| 12:15 | Construir | Farm |
| 13:08 | Crear | Villager (Male) |
| 13:10 | Crear | Villager (Male) |
| 13:37 | Crear | Villager (Male) |
| 13:59 | Construir | Farm |
| 14:00 | Crear | Villager (Male) |
| 14:07 | Edad | Edad de los Castillos |
| 14:11 | Crear | Villager (Male) |
| 14:13 | Construir | Town Center |
| 14:19 | Construir | Town Center |
| 14:34 | Crear | Villager (Male) |
| 14:49 | Crear | Villager (Male) |
| 14:56 | Investigar | Bow Saw |
| 14:59 | Construir | Farm |
| 15:02 | Construir | Farm |
| 15:08 | Construir | Farm |
| 15:15 | Construir | Farm |
| 15:25 | Crear | Villager (Male) |
| 15:26 | Crear | Villager (Male) |
| 15:32 | Crear | Villager (Male) |
| 15:32 | Crear | Villager (Male) |
| 15:48 | Crear | Villager (Male) |
| 15:48 | Crear | Villager (Male) |
| 15:49 | Crear | Villager (Male) |
| 15:51 | Construir | Farm |
| 15:55 | Construir | Farm |
| 16:07 | Construir | Farm |
| 16:13 | Crear | Villager (Male) |
| 16:13 | Crear | Villager (Male) |
| 16:17 | Construir | House |
| 16:17 | Construir | House |
| 16:26 | Crear | Villager (Male) |
| 16:28 | Construir | Farm |
| 16:40 | Construir | Farm |
| 16:41 | Construir | Farm |
| 16:44 | Crear | Villager (Male) |
| 16:56 | Construir | Town Center |
| 16:59 | Crear | Villager (Male) |
| 17:12 | Construir | Farm |
| 17:14 | Crear | Villager (Male) |
| 17:14 | Crear | Villager (Male) |
| 17:15 | Crear | Villager (Male) |
| 17:21 | Construir | House |
| 17:22 | Construir | House |
| 17:23 | Construir | House |
| 17:26 | Crear | Villager (Male) |
| 17:41 | Construir | Farm |
| 17:44 | Construir | Farm |
| 17:49 | Construir | Farm |
| 17:50 | Crear | Villager (Male) |
| 18:07 | Crear | Villager (Male) |
| 18:08 | Crear | Villager (Male) |
| 18:08 | Crear | Villager (Male) |
| 18:24 | Crear | Villager (Male) |
| 18:24 | Crear | Villager (Male) |
| 18:27 | Construir | Farm |
| 18:29 | Construir | Farm |
| 18:31 | Construir | Farm |
| 18:33 | Construir | Farm |
| 18:34 | Crear | Villager (Male) |
| 18:34 | Crear | Villager (Male) |
| 18:34 | Crear | Villager (Male) |
| 18:41 | Crear | Villager (Male) |
| 18:41 | Crear | Villager (Male) |
| 18:54 | Construir | Farm |
| 18:56 | Crear | Villager (Male) |
| 18:59 | Construir | Farm |
| 19:02 | Construir | Farm |
| 19:03 | Crear | Villager (Male) |
| 19:04 | Crear | Villager (Male) |
| 19:06 | Construir | House |
| 19:07 | Construir | House |
| 19:09 | Construir | House |
| 19:09 | Construir | House |
| 19:11 | Crear | Villager (Male) |
| 19:11 | Crear | Villager (Male) |
| 19:15 | Crear | Villager (Male) |
| 19:15 | Crear | Villager (Male) |
| 19:18 | Construir | Farm |
| 19:21 | Crear | Villager (Male) |
| 19:28 | Construir | Farm |
| 19:29 | Crear | Villager (Male) |
| 19:39 | Construir | Farm |
| 19:40 | Crear | Villager (Male) |
| 19:41 | Crear | Villager (Male) |
| 19:41 | Crear | Villager (Male) |
| 19:47 | Construir | Farm |
| 19:57 | Construir | Farm |
| 20:01 | Construir | Farm |
| 20:02 | Investigar | Wheelbarrow |
Build order — 菜就多练
Primeras 150 de 459 acciones detectadas
| 0:01 | Crear | Villager (Male) |
| 0:01 | Crear | Villager (Male) |
| 0:01 | Crear | Villager (Male) |
| 0:03 | Construir | House |
| 0:05 | Construir | House |
| 0:09 | Crear | Villager (Male) |
| 0:10 | Crear | Villager (Male) |
| 1:25 | Crear | Villager (Male) |
| 1:25 | Crear | Villager (Male) |
| 1:32 | Construir | Lumber Camp |
| 1:52 | Crear | Villager (Male) |
| 2:21 | Crear | Villager (Male) |
| 2:21 | Crear | Villager (Male) |
| 2:22 | Crear | Villager (Male) |
| 2:48 | Crear | Villager (Male) |
| 3:09 | Crear | Villager (Male) |
| 3:09 | Crear | Villager (Male) |
| 3:18 | Construir | House |
| 3:24 | Crear | Villager (Male) |
| 3:24 | Crear | Villager (Male) |
| 3:46 | Construir | House |
| 3:52 | Crear | Villager (Male) |
| 4:06 | Crear | Villager (Male) |
| 4:31 | Construir | Mill |
| 4:49 | Crear | Villager (Male) |
| 5:18 | Crear | Villager (Male) |
| 5:29 | Crear | Villager (Male) |
| 5:57 | Crear | Villager (Male) |
| 5:59 | Construir | House |
| 6:27 | Crear | Villager (Male) |
| 6:32 | Construir | Farm |
| 6:47 | Construir | Farm |
| 6:53 | Crear | Villager (Male) |
| 7:15 | Crear | Villager (Male) |
| 7:18 | Construir | Mining Camp |
| 7:36 | Crear | Villager (Male) |
| 8:07 | Investigar | Feudal Age |
| 8:50 | Construir | Farm |
| 9:54 | Crear | Villager (Male) |
| 10:31 | Edad | Edad Feudal |
| 10:32 | Crear | Villager (Male) |
| 10:35 | Construir | Market |
| 10:46 | Construir | Blacksmith |
| 11:04 | Crear | Villager (Male) |
| 11:42 | Investigar | Castle Age |
| 11:42 | Investigar | Castle Age |
| 11:57 | Investigar | Double-Bit Axe |
| 11:58 | Investigar | Double-Bit Axe |
| 11:59 | Investigar | Horse Collar |
| 11:59 | Investigar | Horse Collar |
| 12:17 | Construir | House |
| 13:28 | Crear | Villager (Male) |
| 13:42 | Construir | Farm |
| 13:44 | Construir | Farm |
| 13:46 | Construir | Farm |
| 13:48 | Construir | Farm |
| 13:52 | Construir | Farm |
| 14:19 | Crear | Villager (Male) |
| 14:26 | Edad | Edad de los Castillos |
| 14:28 | Crear | Villager (Male) |
| 14:30 | Construir | Town Center |
| 14:45 | Crear | Villager (Male) |
| 14:50 | Investigar | Bow Saw |
| 14:50 | Investigar | Bow Saw |
| 14:50 | Investigar | Bow Saw |
| 14:52 | Investigar | Heavy Plow |
| 14:52 | Investigar | Heavy Plow |
| 15:05 | Investigar | Wheelbarrow |
| 15:26 | Construir | Farm |
| 15:36 | Investigar | Gold Mining |
| 15:43 | Construir | Farm |
| 15:44 | Crear | Villager (Male) |
| 15:59 | Crear | Villager (Male) |
| 16:00 | Crear | Villager (Male) |
| 16:09 | Crear | Villager (Male) |
| 16:09 | Crear | Villager (Male) |
| 16:12 | Construir | Farm |
| 16:32 | Construir | Farm |
| 16:33 | Crear | Villager (Male) |
| 16:33 | Crear | Villager (Male) |
| 16:33 | Crear | Villager (Male) |
| 16:44 | Construir | Farm |
| 16:45 | Crear | Villager (Male) |
| 16:45 | Crear | Villager (Male) |
| 16:45 | Crear | Villager (Male) |
| 16:49 | Crear | Villager (Male) |
| 16:50 | Crear | Villager (Male) |
| 16:50 | Crear | Villager (Male) |
| 17:07 | Construir | Farm |
| 17:08 | Crear | Villager (Male) |
| 17:08 | Crear | Villager (Male) |
| 17:14 | Construir | Farm |
| 17:17 | Construir | Farm |
| 17:19 | Crear | Villager (Male) |
| 17:19 | Crear | Villager (Male) |
| 17:25 | Construir | House |
| 17:26 | Crear | Villager (Male) |
| 17:27 | Crear | Villager (Male) |
| 17:41 | Crear | Villager (Male) |
| 17:48 | Crear | Villager (Male) |
| 17:48 | Crear | Villager (Male) |
| 17:50 | Construir | Farm |
| 17:58 | Crear | Villager (Male) |
| 18:10 | Construir | House |
| 18:11 | Crear | Villager (Male) |
| 18:11 | Crear | Villager (Male) |
| 18:25 | Crear | Villager (Male) |
| 18:26 | Crear | Villager (Male) |
| 18:28 | Crear | Villager (Male) |
| 18:40 | Crear | Villager (Male) |
| 18:48 | Construir | Castle |
| 18:51 | Crear | Villager (Male) |
| 18:53 | Construir | Farm |
| 18:55 | Crear | Villager (Male) |
| 18:57 | Crear | Villager (Male) |
| 19:20 | Crear | Villager (Male) |
| 19:23 | Crear | Villager (Male) |
| 19:32 | Crear | Villager (Male) |
| 19:45 | Crear | Villager (Male) |
| 19:54 | Crear | Villager (Male) |
| 20:30 | Construir | Town Center |
| 20:50 | Investigar | Imperial Age |
| 20:51 | Investigar | Imperial Age |
| 20:53 | Investigar | Loom |
| 20:54 | Investigar | Loom |
| 20:54 | Crear | Villager (Male) |
| 20:54 | Crear | Villager (Male) |
| 21:11 | Crear | Petard |
| 21:11 | Crear | Petard |
| 21:16 | Crear | Genoese Crossbowman |
| 21:17 | Crear | Genoese Crossbowman |
| 21:17 | Crear | Genoese Crossbowman |
| 21:18 | Crear | Villager (Male) |
| 21:19 | Crear | Villager (Male) |
| 21:27 | Crear | Villager (Male) |
| 21:29 | Crear | Villager (Male) |
| 21:29 | Crear | Villager (Male) |
| 21:41 | Crear | Petard |
| 21:48 | Crear | Villager (Male) |
| 22:01 | Crear | Villager (Male) |
| 22:01 | Crear | Villager (Male) |
| 22:01 | Crear | Villager (Male) |
| 22:02 | Crear | Villager (Male) |
| 22:02 | Crear | Villager (Male) |
| 22:05 | Construir | Farm |
| 22:06 | Construir | Farm |
| 22:08 | Construir | Farm |
| 22:09 | Crear | Genoese Crossbowman |
| 22:09 | Crear | Genoese Crossbowman |
| 22:30 | Construir | House |
Build order — [CL] Feargoras
Primeras 150 de 498 acciones detectadas
| 0:01 | Crear | Villager (Male) |
| 0:01 | Crear | Villager (Male) |
| 0:03 | Construir | House |
| 0:05 | Construir | House |
| 0:52 | Crear | Villager (Male) |
| 0:53 | Crear | Villager (Male) |
| 0:53 | Crear | Villager (Male) |
| 1:31 | Crear | Villager (Male) |
| 1:47 | Crear | Villager (Male) |
| 1:59 | Construir | Lumber Camp |
| 2:33 | Crear | Villager (Male) |
| 3:02 | Crear | Villager (Male) |
| 3:03 | Crear | Villager (Male) |
| 3:18 | Crear | Villager (Male) |
| 4:04 | Construir | House |
| 4:19 | Crear | Villager (Male) |
| 4:19 | Crear | Villager (Male) |
| 4:40 | Construir | Mill |
| 4:56 | Crear | Villager (Male) |
| 5:03 | Crear | Villager (Male) |
| 5:40 | Crear | Villager (Male) |
| 5:54 | Construir | House |
| 6:07 | Crear | Villager (Male) |
| 6:36 | Crear | Villager (Male) |
| 6:37 | Crear | Villager (Male) |
| 6:56 | Crear | Villager (Male) |
| 7:18 | Construir | Mining Camp |
| 7:55 | Crear | Villager (Male) |
| 8:07 | Construir | Farm |
| 8:38 | Investigar | Feudal Age |
| 9:24 | Construir | Farm |
| 10:48 | Edad | Edad Feudal |
| 10:48 | Investigar | Castle Age |
| 11:01 | Investigar | Double-Bit Axe |
| 11:33 | Investigar | Horse Collar |
| 11:37 | Construir | House |
| 11:39 | Construir | House |
| 12:03 | Crear | Villager (Male) |
| 12:09 | Construir | Farm |
| 12:11 | Construir | Farm |
| 13:28 | Edad | Edad de los Castillos |
| 13:31 | Construir | Town Center |
| 13:36 | Construir | Monastery |
| 13:45 | Construir | Town Center |
| 14:07 | Crear | Villager (Male) |
| 14:08 | Crear | Villager (Male) |
| 14:18 | Investigar | Bow Saw |
| 14:21 | Crear | Monk |
| 14:34 | Crear | Villager (Male) |
| 14:40 | Construir | Farm |
| 14:43 | Crear | Villager (Male) |
| 14:54 | Crear | Villager (Male) |
| 14:58 | Construir | Farm |
| 15:03 | Construir | Farm |
| 15:05 | Construir | Farm |
| 15:14 | Construir | Farm |
| 15:18 | Crear | Villager (Male) |
| 15:19 | Crear | Villager (Male) |
| 15:25 | Construir | Farm |
| 15:36 | Crear | Villager (Male) |
| 15:36 | Crear | Villager (Male) |
| 15:39 | Construir | Farm |
| 15:40 | Construir | Farm |
| 15:51 | Crear | Villager (Male) |
| 15:51 | Crear | Villager (Male) |
| 15:54 | Construir | Farm |
| 15:55 | Construir | Farm |
| 16:02 | Construir | Farm |
| 16:05 | Crear | Villager (Male) |
| 16:05 | Crear | Villager (Male) |
| 16:08 | Crear | Monk |
| 16:11 | Construir | Farm |
| 16:17 | Crear | Villager (Male) |
| 16:18 | Crear | Villager (Male) |
| 16:21 | Construir | Farm |
| 16:32 | Crear | Villager (Male) |
| 16:32 | Crear | Villager (Male) |
| 16:35 | Construir | Farm |
| 16:37 | Crear | Villager (Male) |
| 16:38 | Crear | Villager (Male) |
| 16:41 | Construir | Farm |
| 16:44 | Crear | Villager (Male) |
| 16:44 | Crear | Villager (Male) |
| 16:58 | Crear | Villager (Male) |
| 16:58 | Crear | Villager (Male) |
| 17:00 | Crear | Villager (Male) |
| 17:05 | Construir | Farm |
| 17:06 | Construir | Farm |
| 17:07 | Construir | Farm |
| 17:07 | Construir | Farm |
| 17:10 | Crear | Villager (Male) |
| 17:10 | Crear | Villager (Male) |
| 17:13 | Construir | Farm |
| 17:16 | Crear | Villager (Male) |
| 17:16 | Crear | Villager (Male) |
| 17:19 | Construir | House |
| 17:20 | Construir | House |
| 17:26 | Construir | House |
| 17:27 | Crear | Villager (Male) |
| 17:27 | Crear | Villager (Male) |
| 17:40 | Crear | Villager (Male) |
| 17:40 | Crear | Villager (Male) |
| 17:41 | Crear | Villager (Male) |
| 17:44 | Construir | Farm |
| 17:45 | Construir | Farm |
| 17:48 | Crear | Villager (Male) |
| 17:48 | Crear | Villager (Male) |
| 17:55 | Construir | House |
| 17:58 | Construir | House |
| 18:01 | Crear | Monk |
| 18:05 | Crear | Villager (Male) |
| 18:05 | Crear | Villager (Male) |
| 18:19 | Investigar | Wheelbarrow |
| 18:24 | Construir | Farm |
| 18:26 | Crear | Villager (Male) |
| 18:31 | Construir | Farm |
| 18:42 | Crear | Villager (Male) |
| 18:42 | Crear | Villager (Male) |
| 18:42 | Crear | Villager (Male) |
| 18:45 | Construir | Farm |
| 18:46 | Construir | Farm |
| 18:51 | Crear | Villager (Male) |
| 18:51 | Crear | Villager (Male) |
| 18:59 | Crear | Villager (Male) |
| 18:59 | Crear | Villager (Male) |
| 19:07 | Crear | Villager (Male) |
| 19:08 | Crear | Villager (Male) |
| 19:08 | Crear | Villager (Male) |
| 19:14 | Construir | Farm |
| 19:15 | Construir | Farm |
| 19:16 | Construir | Farm |
| 19:20 | Crear | Villager (Male) |
| 19:21 | Crear | Villager (Male) |
| 19:55 | Crear | Villager (Male) |
| 19:56 | Crear | Villager (Male) |
| 19:56 | Crear | Villager (Male) |
| 19:58 | Construir | Farm |
| 20:01 | Construir | Farm |
| 20:02 | Construir | Farm |
| 20:04 | Construir | Farm |
| 20:07 | Construir | Farm |
| 20:15 | Crear | Villager (Male) |
| 20:15 | Crear | Villager (Male) |
| 20:17 | Crear | Villager (Male) |
| 20:17 | Crear | Villager (Male) |
| 20:37 | Crear | Villager (Male) |
| 20:37 | Crear | Villager (Male) |
| 20:38 | Crear | Villager (Male) |
| 20:49 | Crear | Villager (Male) |
| 20:49 | Crear | Villager (Male) |
Build order — 痛苦小果
Primeras 150 de 496 acciones detectadas
| 0:05 | Construir | House |
| 0:07 | Construir | House |
| 0:10 | Crear | Villager (Male) |
| 0:11 | Crear | Villager (Male) |
| 0:11 | Crear | Villager (Male) |
| 0:11 | Crear | Villager (Male) |
| 0:11 | Crear | Villager (Male) |
| 1:24 | Crear | Villager (Male) |
| 1:24 | Crear | Villager (Male) |
| 1:58 | Construir | Mill |
| 2:03 | Crear | Villager (Male) |
| 2:03 | Crear | Villager (Male) |
| 2:30 | Crear | Villager (Male) |
| 2:30 | Crear | Villager (Male) |
| 2:46 | Crear | Villager (Male) |
| 2:46 | Crear | Villager (Male) |
| 3:05 | Crear | Villager (Male) |
| 3:05 | Crear | Villager (Male) |
| 3:28 | Crear | Villager (Male) |
| 4:02 | Construir | Lumber Camp |
| 4:07 | Crear | Villager (Male) |
| 4:07 | Crear | Villager (Male) |
| 4:58 | Crear | Villager (Male) |
| 4:58 | Crear | Villager (Male) |
| 5:46 | Construir | House |
| 5:51 | Crear | Villager (Male) |
| 5:51 | Crear | Villager (Male) |
| 6:01 | Crear | Villager (Male) |
| 6:05 | Construir | House |
| 6:33 | Construir | Mining Camp |
| 6:37 | Crear | Villager (Male) |
| 6:38 | Crear | Villager (Male) |
| 7:03 | Crear | Villager (Male) |
| 7:03 | Crear | Villager (Male) |
| 7:03 | Crear | Villager (Male) |
| 7:03 | Crear | Villager (Male) |
| 7:04 | Crear | Villager (Male) |
| 8:20 | Construir | Farm |
| 8:23 | Construir | Farm |
| 8:26 | Construir | Farm |
| 9:12 | Investigar | Feudal Age |
| 9:12 | Investigar | Feudal Age |
| 9:31 | Crear | Villager (Male) |
| 9:31 | Crear | Villager (Male) |
| 10:02 | Construir | Farm |
| 10:06 | Construir | Farm |
| 10:40 | Construir | Farm |
| 11:30 | Edad | Edad Feudal |
| 11:33 | Construir | Market |
| 11:38 | Construir | Blacksmith |
| 12:30 | Investigar | Castle Age |
| 12:30 | Investigar | Castle Age |
| 12:34 | Construir | House |
| 12:48 | Investigar | Double-Bit Axe |
| 12:48 | Investigar | Double-Bit Axe |
| 13:30 | Investigar | Horse Collar |
| 13:30 | Investigar | Horse Collar |
| 13:57 | Investigar | Town Watch |
| 14:13 | Crear | Villager (Male) |
| 14:14 | Crear | Villager (Male) |
| 15:10 | Edad | Edad de los Castillos |
| 15:15 | Construir | Town Center |
| 15:23 | Construir | Town Center |
| 15:32 | Investigar | Bow Saw |
| 15:34 | Investigar | Heavy Plow |
| 16:11 | Crear | Villager (Male) |
| 16:12 | Crear | Villager (Male) |
| 16:21 | Construir | Farm |
| 16:37 | Crear | Villager (Male) |
| 16:38 | Crear | Villager (Male) |
| 16:58 | Crear | Villager (Male) |
| 16:58 | Crear | Villager (Male) |
| 17:01 | Construir | Mill |
| 17:13 | Construir | Castle |
| 17:17 | Crear | Villager (Male) |
| 17:22 | Crear | Villager (Male) |
| 17:24 | Construir | Farm |
| 17:24 | Construir | Farm |
| 17:24 | Construir | Farm |
| 17:33 | Crear | Villager (Male) |
| 17:33 | Crear | Villager (Male) |
| 17:33 | Crear | Villager (Male) |
| 17:37 | Construir | Farm |
| 17:49 | Construir | Farm |
| 17:51 | Construir | Farm |
| 17:57 | Construir | Farm |
| 17:59 | Crear | Villager (Male) |
| 17:59 | Crear | Villager (Male) |
| 18:00 | Crear | Villager (Male) |
| 18:00 | Crear | Villager (Male) |
| 18:00 | Crear | Villager (Male) |
| 18:00 | Crear | Villager (Male) |
| 18:05 | Construir | Farm |
| 18:12 | Crear | Villager (Male) |
| 18:12 | Crear | Villager (Male) |
| 18:14 | Crear | Villager (Male) |
| 18:14 | Crear | Villager (Male) |
| 18:26 | Construir | Lumber Camp |
| 18:31 | Crear | Villager (Male) |
| 18:31 | Crear | Villager (Male) |
| 18:36 | Investigar | Wheelbarrow |
| 18:43 | Construir | Farm |
| 18:58 | Construir | Farm |
| 19:05 | Crear | Villager (Male) |
| 19:05 | Crear | Villager (Male) |
| 19:06 | Crear | Villager (Male) |
| 19:06 | Crear | Villager (Male) |
| 19:19 | Construir | Mill |
| 19:20 | Construir | Farm |
| 19:21 | Construir | Farm |
| 19:21 | Construir | Farm |
| 19:21 | Construir | Farm |
| 19:21 | Construir | Farm |
| 19:22 | Construir | Farm |
| 19:22 | Construir | Farm |
| 19:22 | Construir | Farm |
| 19:22 | Construir | Farm |
| 19:23 | Construir | Farm |
| 19:23 | Construir | Farm |
| 19:25 | Crear | Villager (Male) |
| 19:25 | Crear | Villager (Male) |
| 19:37 | Construir | Farm |
| 19:39 | Construir | Farm |
| 19:42 | Crear | Villager (Male) |
| 19:46 | Construir | Farm |
| 19:48 | Crear | Villager (Male) |
| 19:49 | Crear | Villager (Male) |
| 20:01 | Crear | Villager (Male) |
| 20:10 | Construir | Farm |
| 20:12 | Construir | Farm |
| 20:13 | Crear | Villager (Male) |
| 20:23 | Investigar | Gold Mining |
| 20:27 | Construir | Barracks |
| 20:36 | Crear | Villager (Male) |
| 20:37 | Crear | Villager (Male) |
| 20:39 | Investigar | Loom |
| 20:41 | Construir | Farm |
| 20:59 | Investigar | Hand Cart |
| 21:03 | Crear | Villager (Male) |
| 21:03 | Crear | Villager (Male) |
| 21:08 | Construir | House |
| 21:12 | Crear | Villager (Male) |
| 21:27 | Construir | Stable |
| 21:31 | Investigar | Town Watch |
| 21:33 | Crear | Villager (Male) |
| 21:33 | Crear | Villager (Male) |
| 21:46 | Construir | Mill |
| 21:47 | Construir | Farm |
| 21:47 | Construir | Farm |
| 21:47 | Construir | Farm |
Build order — 菜菜虎
Primeras 150 de 540 acciones detectadas
| 0:02 | Crear | Villager (Male) |
| 0:02 | Crear | Villager (Male) |
| 0:04 | Construir | House |
| 0:05 | Construir | House |
| 0:13 | Crear | Villager (Male) |
| 0:14 | Crear | Villager (Male) |
| 0:14 | Crear | Villager (Male) |
| 1:20 | Crear | Villager (Male) |
| 1:20 | Crear | Villager (Male) |
| 1:46 | Construir | Lumber Camp |
| 1:50 | Crear | Villager (Male) |
| 1:50 | Crear | Villager (Male) |
| 2:00 | Crear | Villager (Male) |
| 2:01 | Crear | Villager (Male) |
| 2:31 | Crear | Villager (Male) |
| 2:31 | Crear | Villager (Male) |
| 2:39 | Crear | Villager (Male) |
| 2:40 | Crear | Villager (Male) |
| 3:00 | Construir | House |
| 3:04 | Construir | House |
| 3:11 | Crear | Villager (Male) |
| 3:11 | Crear | Villager (Male) |
| 3:20 | Crear | Villager (Male) |
| 3:47 | Crear | Villager (Male) |
| 3:48 | Construir | House |
| 3:59 | Crear | Villager (Male) |
| 4:00 | Crear | Villager (Male) |
| 5:05 | Construir | House |
| 5:24 | Crear | Villager (Male) |
| 5:31 | Crear | Villager (Male) |
| 5:31 | Crear | Villager (Male) |
| 5:36 | Crear | Villager (Male) |
| 5:45 | Construir | Mill |
| 6:07 | Crear | Villager (Male) |
| 6:18 | Crear | Villager (Male) |
| 6:47 | Construir | Mining Camp |
| 7:17 | Crear | Villager (Male) |
| 7:31 | Crear | Villager (Male) |
| 7:31 | Crear | Villager (Male) |
| 8:05 | Construir | Mining Camp |
| 8:19 | Crear | Villager (Male) |
| 9:08 | Investigar | Feudal Age |
| 10:04 | Crear | Villager (Male) |
| 10:05 | Crear | Villager (Male) |
| 10:56 | Construir | Farm |
| 10:59 | Construir | Farm |
| 11:09 | Crear | Villager (Male) |
| 11:22 | Edad | Edad Feudal |
| 11:26 | Construir | Market |
| 11:30 | Construir | Blacksmith |
| 12:04 | Investigar | Castle Age |
| 12:05 | Investigar | Castle Age |
| 12:39 | Investigar | Double-Bit Axe |
| 12:39 | Investigar | Double-Bit Axe |
| 13:09 | Investigar | Loom |
| 13:17 | Construir | Farm |
| 13:18 | Construir | Farm |
| 13:19 | Construir | Farm |
| 13:26 | Investigar | Horse Collar |
| 13:27 | Investigar | Horse Collar |
| 13:51 | Crear | Villager (Male) |
| 13:58 | Construir | House |
| 14:44 | Edad | Edad de los Castillos |
| 14:49 | Crear | Villager (Male) |
| 15:07 | Construir | Castle |
| 15:30 | Construir | Palisade Gate |
| 15:41 | Crear | Villager (Male) |
| 16:13 | Construir | House |
| 16:16 | Construir | Palisade Wall |
| 16:17 | Construir | Palisade Wall |
| 16:36 | Crear | Villager (Male) |
| 16:37 | Crear | Villager (Male) |
| 16:38 | Crear | Villager (Male) |
| 17:06 | Construir | Town Center |
| 17:14 | Crear | Villager (Male) |
| 17:17 | Crear | Villager (Male) |
| 17:18 | Crear | Villager (Male) |
| 17:20 | Construir | Town Center |
| 17:32 | Crear | Villager (Male) |
| 17:51 | Crear | Villager (Male) |
| 17:51 | Crear | Villager (Male) |
| 17:56 | Construir | Farm |
| 17:57 | Construir | Farm |
| 17:58 | Construir | Farm |
| 18:00 | Construir | Farm |
| 18:01 | Construir | Farm |
| 18:09 | Crear | Villager (Male) |
| 18:10 | Crear | Villager (Male) |
| 18:12 | Crear | Villager (Male) |
| 18:16 | Crear | Villager (Male) |
| 18:16 | Crear | Villager (Male) |
| 18:17 | Crear | Villager (Male) |
| 18:39 | Crear | Villager (Male) |
| 18:40 | Crear | Villager (Male) |
| 18:47 | Construir | Town Center |
| 18:51 | Construir | Farm |
| 18:53 | Construir | Farm |
| 18:57 | Crear | Villager (Male) |
| 19:01 | Construir | Farm |
| 19:05 | Construir | Farm |
| 19:06 | Crear | Villager (Male) |
| 19:09 | Crear | Villager (Male) |
| 19:09 | Crear | Villager (Male) |
| 19:34 | Crear | Villager (Male) |
| 19:35 | Crear | Villager (Male) |
| 19:37 | Crear | Villager (Male) |
| 19:38 | Crear | Villager (Male) |
| 19:40 | Crear | Villager (Male) |
| 19:40 | Crear | Villager (Male) |
| 19:48 | Crear | Villager (Male) |
| 19:51 | Construir | Lumber Camp |
| 20:03 | Construir | Farm |
| 20:07 | Construir | Farm |
| 20:08 | Crear | Villager (Male) |
| 20:12 | Crear | Villager (Male) |
| 20:13 | Crear | Villager (Male) |
| 20:22 | Crear | Villager (Male) |
| 20:39 | Construir | Siege Workshop |
| 20:42 | Crear | Villager (Male) |
| 20:43 | Crear | Villager (Male) |
| 20:59 | Crear | Villager (Male) |
| 21:05 | Construir | House |
| 21:06 | Construir | House |
| 21:07 | Construir | House |
| 21:11 | Crear | Villager (Male) |
| 21:12 | Crear | Villager (Male) |
| 21:17 | Construir | Farm |
| 21:18 | Construir | Farm |
| 21:25 | Crear | Villager (Male) |
| 21:28 | Construir | House |
| 21:29 | Construir | House |
| 21:29 | Construir | House |
| 21:34 | Crear | Villager (Male) |
| 21:40 | Crear | Villager (Male) |
| 21:41 | Crear | Villager (Male) |
| 21:47 | Construir | Farm |
| 21:55 | Crear | Villager (Male) |
| 21:55 | Crear | Villager (Male) |
| 22:06 | Crear | Villager (Male) |
| 22:12 | Crear | Villager (Male) |
| 22:20 | Crear | Villager (Male) |
| 22:33 | Crear | Villager (Male) |
| 22:38 | Construir | House |
| 22:41 | Construir | House |
| 22:45 | Crear | Villager (Male) |
| 22:46 | Crear | Villager (Male) |
| 22:50 | Construir | Farm |
| 22:51 | Construir | Farm |
| 22:52 | Crear | Villager (Male) |
| 22:55 | Crear | Mangonel |
Build order — NO_AFK_PLZ:(
Primeras 150 de 421 acciones detectadas
| 0:01 | Crear | Villager (Male) |
| 0:05 | Construir | House |
| 0:07 | Construir | House |
| 0:15 | Crear | Villager (Male) |
| 0:15 | Crear | Villager (Male) |
| 0:16 | Crear | Villager (Male) |
| 0:16 | Crear | Villager (Male) |
| 0:16 | Crear | Villager (Male) |
| 1:27 | Crear | Villager (Male) |
| 1:53 | Crear | Villager (Male) |
| 2:20 | Crear | Villager (Male) |
| 2:38 | Construir | Lumber Camp |
| 2:45 | Crear | Villager (Male) |
| 3:06 | Crear | Villager (Male) |
| 3:34 | Construir | House |
| 3:36 | Crear | Villager (Male) |
| 3:37 | Crear | Villager (Male) |
| 3:37 | Crear | Villager (Male) |
| 3:37 | Crear | Villager (Male) |
| 4:07 | Construir | House |
| 4:16 | Crear | Villager (Male) |
| 4:33 | Construir | House |
| 4:35 | Crear | Villager (Male) |
| 5:34 | Crear | Villager (Male) |
| 5:54 | Construir | Mining Camp |
| 6:02 | Crear | Villager (Male) |
| 6:20 | Crear | Villager (Male) |
| 6:47 | Crear | Villager (Male) |
| 7:08 | Construir | Lumber Camp |
| 7:13 | Crear | Villager (Male) |
| 7:38 | Investigar | Loom |
| 7:38 | Investigar | Feudal Age |
| 8:40 | Crear | Villager (Male) |
| 8:49 | Construir | Barracks |
| 9:04 | Construir | House |
| 9:06 | Construir | House |
| 9:14 | Crear | Villager (Male) |
| 10:04 | Construir | Mill |
| 10:24 | Crear | Villager (Male) |
| 10:34 | Edad | Edad Feudal |
| 10:41 | Construir | Archery Range |
| 10:47 | Construir | Archery Range |
| 10:51 | Construir | House |
| 10:55 | Investigar | Double-Bit Axe |
| 10:57 | Crear | Villager (Male) |
| 11:09 | Crear | Villager (Male) |
| 11:15 | Construir | Farm |
| 11:25 | Construir | House |
| 11:31 | Crear | Villager (Male) |
| 11:44 | Crear | Archer |
| 11:44 | Crear | Archer |
| 11:45 | Crear | Archer |
| 11:47 | Crear | Archer |
| 11:48 | Crear | Archer |
| 11:48 | Crear | Archer |
| 11:53 | Crear | Villager (Male) |
| 11:56 | Construir | Farm |
| 12:18 | Crear | Villager (Male) |
| 12:21 | Construir | Farm |
| 12:29 | Crear | Archer |
| 12:29 | Crear | Archer |
| 12:42 | Construir | Farm |
| 12:43 | Crear | Archer |
| 12:44 | Crear | Archer |
| 12:45 | Crear | Villager (Male) |
| 12:56 | Crear | Archer |
| 13:08 | Construir | Farm |
| 13:16 | Crear | Archer |
| 13:18 | Crear | Villager (Male) |
| 13:36 | Construir | Farm |
| 13:42 | Crear | Archer |
| 13:58 | Construir | House |
| 14:04 | Construir | Farm |
| 14:14 | Crear | Archer |
| 14:15 | Crear | Archer |
| 14:17 | Crear | Villager (Male) |
| 14:45 | Construir | Blacksmith |
| 14:47 | Crear | Archer |
| 14:48 | Crear | Archer |
| 14:49 | Crear | Villager (Male) |
| 15:00 | Crear | Archer |
| 15:01 | Crear | Archer |
| 15:05 | Crear | Villager (Male) |
| 15:15 | Construir | Farm |
| 15:37 | Investigar | Fletching |
| 15:38 | Crear | Archer |
| 16:05 | Crear | Archer |
| 16:31 | Crear | Archer |
| 16:33 | Crear | Archer |
| 16:40 | Crear | Villager (Male) |
| 16:42 | Crear | Villager (Male) |
| 16:50 | Construir | Mining Camp |
| 17:28 | Construir | House |
| 17:29 | Construir | House |
| 17:39 | Investigar | Castle Age |
| 17:42 | Investigar | Gold Mining |
| 17:51 | Construir | Farm |
| 17:57 | Construir | Lumber Camp |
| 18:05 | Construir | House |
| 18:08 | Crear | Archer |
| 18:18 | Crear | Archer |
| 18:26 | Investigar | Padded Archer Armor |
| 18:28 | Investigar | Horse Collar |
| 18:29 | Crear | Archer |
| 18:41 | Construir | House |
| 18:42 | Construir | House |
| 18:44 | Crear | Archer |
| 18:46 | Construir | House |
| 18:47 | Crear | Villager (Male) |
| 18:52 | Crear | Archer |
| 18:52 | Crear | Archer |
| 19:06 | Crear | Archer |
| 19:16 | Construir | Farm |
| 19:52 | Crear | Archer |
| 20:21 | Edad | Edad de los Castillos |
| 20:23 | Investigar | Bodkin Arrow |
| 20:25 | Investigar | Bow Saw |
| 20:25 | Crear | Archer |
| 20:26 | Crear | Archer |
| 20:34 | Construir | University |
| 20:36 | Construir | House |
| 20:46 | Crear | Archer |
| 20:47 | Crear | Villager (Male) |
| 20:56 | Crear | Archer |
| 20:58 | Crear | Villager (Male) |
| 21:16 | Construir | Farm |
| 21:35 | Construir | Farm |
| 21:39 | Investigar | Crossbowman (upgrade) |
| 21:49 | Investigar | Ballistics |
| 22:02 | Crear | Archer |
| 22:04 | Crear | Archer |
| 22:07 | Crear | Villager (Male) |
| 22:09 | Crear | Villager (Male) |
| 22:15 | Construir | House |
| 22:16 | Construir | House |
| 22:18 | Crear | Archer |
| 22:19 | Crear | Archer |
| 22:36 | Crear | Archer |
| 22:36 | Crear | Villager (Male) |
| 22:46 | Crear | Archer |
| 22:47 | Crear | Villager (Male) |
| 22:48 | Crear | Archer |
| 22:57 | Crear | Archer |
| 23:00 | Crear | Villager (Male) |
| 23:06 | Construir | Town Center |
| 23:14 | Crear | Archer |
| 23:32 | Construir | House |
| 23:33 | Construir | House |
| 23:36 | Crear | Villager (Male) |
| 23:48 | Crear | Archer |
Build order — word马亚
Primeras 150 de 484 acciones detectadas
| 0:04 | Crear | Villager (Male) |
| 0:04 | Crear | Villager (Male) |
| 0:04 | Crear | Villager (Male) |
| 0:04 | Crear | Villager (Male) |
| 0:06 | Construir | House |
| 0:07 | Construir | House |
| 1:27 | Crear | Villager (Male) |
| 1:27 | Crear | Villager (Male) |
| 1:49 | Construir | Lumber Camp |
| 2:05 | Crear | Villager (Male) |
| 2:06 | Crear | Villager (Male) |
| 2:29 | Crear | Villager (Male) |
| 2:30 | Crear | Villager (Male) |
| 2:46 | Construir | House |
| 3:00 | Crear | Villager (Male) |
| 3:00 | Crear | Villager (Male) |
| 3:15 | Crear | Villager (Male) |
| 3:15 | Crear | Villager (Male) |
| 3:35 | Crear | Villager (Male) |
| 3:35 | Crear | Villager (Male) |
| 3:35 | Crear | Villager (Male) |
| 4:11 | Crear | Villager (Male) |
| 4:11 | Crear | Villager (Male) |
| 4:11 | Crear | Villager (Male) |
| 4:55 | Construir | House |
| 4:56 | Crear | Villager (Male) |
| 4:57 | Crear | Villager (Male) |
| 5:39 | Construir | House |
| 5:46 | Crear | Villager (Male) |
| 6:03 | Construir | Mill |
| 6:10 | Construir | House |
| 6:13 | Crear | Villager (Male) |
| 6:36 | Crear | Villager (Male) |
| 7:05 | Construir | Farm |
| 7:07 | Crear | Villager (Male) |
| 7:07 | Crear | Villager (Male) |
| 7:36 | Construir | Mining Camp |
| 7:42 | Crear | Villager (Male) |
| 8:01 | Crear | Villager (Male) |
| 8:25 | Construir | Farm |
| 8:32 | Investigar | Feudal Age |
| 10:05 | Construir | Farm |
| 11:00 | Edad | Edad Feudal |
| 11:05 | Investigar | Castle Age |
| 11:05 | Investigar | Castle Age |
| 11:23 | Construir | Farm |
| 11:29 | Construir | Farm |
| 12:45 | Investigar | Double-Bit Axe |
| 12:45 | Investigar | Double-Bit Axe |
| 12:45 | Investigar | Horse Collar |
| 12:45 | Investigar | Horse Collar |
| 13:36 | Crear | Villager (Male) |
| 13:36 | Crear | Villager (Male) |
| 13:45 | Edad | Edad de los Castillos |
| 13:46 | Construir | Town Center |
| 13:53 | Construir | Monastery |
| 14:00 | Crear | Villager (Male) |
| 14:18 | Construir | Town Center |
| 14:30 | Crear | Monk |
| 14:30 | Crear | Monk |
| 14:33 | Crear | Villager (Male) |
| 14:50 | Construir | Farm |
| 14:54 | Crear | Villager (Male) |
| 15:01 | Crear | Villager (Male) |
| 15:02 | Crear | Villager (Male) |
| 15:02 | Crear | Villager (Male) |
| 15:02 | Crear | Villager (Male) |
| 15:07 | Crear | Villager (Male) |
| 15:07 | Crear | Villager (Male) |
| 15:07 | Crear | Villager (Male) |
| 15:11 | Construir | Farm |
| 15:17 | Construir | Farm |
| 15:31 | Crear | Villager (Male) |
| 15:38 | Construir | Farm |
| 15:43 | Crear | Monk |
| 15:43 | Crear | Monk |
| 15:52 | Construir | Farm |
| 16:16 | Crear | Villager (Male) |
| 16:19 | Construir | Farm |
| 16:20 | Crear | Villager (Male) |
| 16:21 | Construir | Farm |
| 16:33 | Crear | Villager (Male) |
| 16:35 | Construir | Farm |
| 16:37 | Crear | Villager (Male) |
| 16:56 | Construir | Farm |
| 16:56 | Crear | Villager (Male) |
| 16:59 | Construir | Farm |
| 17:01 | Crear | Villager (Male) |
| 17:01 | Crear | Villager (Male) |
| 17:11 | Construir | House |
| 17:12 | Construir | House |
| 17:17 | Investigar | Loom |
| 17:17 | Investigar | Loom |
| 17:23 | Construir | House |
| 17:38 | Crear | Villager (Male) |
| 17:42 | Crear | Villager (Male) |
| 17:47 | Investigar | Bow Saw |
| 17:48 | Investigar | Bow Saw |
| 17:50 | Construir | Farm |
| 17:53 | Construir | Farm |
| 17:54 | Crear | Villager (Male) |
| 17:54 | Crear | Villager (Male) |
| 17:56 | Construir | Farm |
| 18:01 | Construir | Farm |
| 18:03 | Crear | Villager (Male) |
| 18:03 | Crear | Villager (Male) |
| 18:18 | Crear | Villager (Male) |
| 18:18 | Crear | Villager (Male) |
| 18:28 | Crear | Villager (Male) |
| 18:28 | Crear | Villager (Male) |
| 18:30 | Crear | Villager (Male) |
| 18:30 | Crear | Villager (Male) |
| 18:50 | Crear | Villager (Male) |
| 18:50 | Crear | Villager (Male) |
| 18:51 | Crear | Villager (Male) |
| 18:54 | Crear | Villager (Male) |
| 18:54 | Crear | Villager (Male) |
| 18:58 | Construir | Town Center |
| 19:03 | Construir | House |
| 19:04 | Construir | House |
| 19:05 | Construir | House |
| 19:06 | Construir | House |
| 19:07 | Construir | House |
| 19:11 | Crear | Villager (Male) |
| 19:12 | Crear | Villager (Male) |
| 19:12 | Crear | Villager (Male) |
| 19:17 | Construir | Farm |
| 19:19 | Construir | Farm |
| 19:27 | Investigar | Wheelbarrow |
| 19:27 | Investigar | Wheelbarrow |
| 19:34 | Crear | Villager (Male) |
| 19:38 | Construir | Siege Workshop |
| 19:54 | Crear | Villager (Male) |
| 20:11 | Crear | Villager (Male) |
| 20:26 | Crear | Villager (Male) |
| 20:31 | Construir | Farm |
| 20:32 | Construir | Farm |
| 20:33 | Construir | Farm |
| 20:34 | Construir | Farm |
| 20:37 | Crear | Villager (Male) |
| 20:38 | Crear | Villager (Male) |
| 20:39 | Construir | Farm |
| 20:40 | Construir | Farm |
| 20:41 | Crear | Villager (Male) |
| 20:47 | Crear | Mangonel |
| 20:54 | Crear | Villager (Male) |
| 20:56 | Crear | Villager (Male) |
| 21:02 | Crear | Villager (Male) |
| 21:06 | Crear | Villager (Male) |
| 21:07 | Crear | Villager (Male) |
Build order — Ace_Golden_Horse
Primeras 150 de 674 acciones detectadas
| 0:00 | Crear | Villager (Male) |
| 0:01 | Crear | Villager (Male) |
| 0:02 | Construir | House |
| 0:03 | Construir | House |
| 0:05 | Crear | Villager (Male) |
| 0:10 | Crear | Villager (Male) |
| 1:19 | Construir | Lumber Camp |
| 1:25 | Crear | Villager (Male) |
| 2:00 | Crear | Villager (Male) |
| 2:23 | Crear | Villager (Male) |
| 2:36 | Crear | Villager (Male) |
| 2:54 | Crear | Villager (Male) |
| 2:54 | Crear | Villager (Male) |
| 3:39 | Construir | House |
| 3:44 | Crear | Villager (Male) |
| 3:45 | Crear | Villager (Male) |
| 4:12 | Construir | Mill |
| 4:29 | Crear | Villager (Male) |
| 4:33 | Crear | Villager (Male) |
| 4:34 | Crear | Villager (Male) |
| 4:48 | Crear | Villager (Male) |
| 6:13 | Investigar | Feudal Age |
| 6:14 | Investigar | Feudal Age |
| 6:54 | Construir | House |
| 7:04 | Crear | Villager (Male) |
| 8:25 | Edad | Edad Feudal |
| 8:27 | Construir | Town Center |
| 8:36 | Investigar | Double-Bit Axe |
| 8:43 | Crear | Villager (Male) |
| 9:09 | Crear | Villager (Male) |
| 9:13 | Investigar | Horse Collar |
| 9:25 | Crear | Villager (Male) |
| 9:37 | Crear | Villager (Male) |
| 9:55 | Crear | Villager (Male) |
| 9:56 | Crear | Villager (Male) |
| 9:59 | Construir | Farm |
| 10:01 | Construir | Farm |
| 10:08 | Crear | Villager (Male) |
| 10:21 | Crear | Villager (Male) |
| 10:39 | Crear | Villager (Male) |
| 10:41 | Construir | House |
| 10:54 | Construir | Farm |
| 10:56 | Crear | Villager (Male) |
| 11:09 | Crear | Villager (Male) |
| 11:12 | Construir | Farm |
| 11:18 | Crear | Villager (Male) |
| 11:19 | Construir | House |
| 11:20 | Construir | House |
| 11:23 | Construir | House |
| 11:24 | Construir | House |
| 11:27 | Construir | Farm |
| 11:32 | Construir | Farm |
| 11:34 | Crear | Villager (Male) |
| 11:40 | Construir | Farm |
| 12:01 | Investigar | Wheelbarrow |
| 12:01 | Investigar | Wheelbarrow |
| 12:09 | Construir | Farm |
| 12:17 | Crear | Villager (Male) |
| 12:17 | Crear | Villager (Male) |
| 12:17 | Crear | Villager (Male) |
| 12:21 | Construir | Farm |
| 12:23 | Construir | House |
| 12:30 | Construir | Farm |
| 12:39 | Construir | Farm |
| 12:40 | Crear | Villager (Male) |
| 12:43 | Construir | Farm |
| 12:49 | Crear | Villager (Male) |
| 12:58 | Construir | Farm |
| 13:02 | Crear | Villager (Male) |
| 13:14 | Crear | Villager (Male) |
| 13:16 | Construir | Farm |
| 13:27 | Construir | House |
| 13:37 | Construir | Farm |
| 13:42 | Crear | Villager (Male) |
| 13:44 | Construir | Farm |
| 13:45 | Crear | Villager (Male) |
| 13:56 | Crear | Villager (Male) |
| 13:57 | Construir | House |
| 14:07 | Crear | Villager (Male) |
| 14:14 | Crear | Villager (Male) |
| 14:24 | Construir | Market |
| 14:30 | Crear | Villager (Male) |
| 14:47 | Construir | Blacksmith |
| 14:47 | Crear | Villager (Male) |
| 15:03 | Construir | Farm |
| 15:04 | Crear | Villager (Male) |
| 15:09 | Construir | Farm |
| 15:19 | Construir | Farm |
| 15:20 | Crear | Villager (Male) |
| 15:37 | Crear | Villager (Male) |
| 15:43 | Construir | Farm |
| 15:46 | Construir | Farm |
| 15:46 | Crear | Villager (Male) |
| 15:53 | Crear | Villager (Male) |
| 15:57 | Crear | Villager (Male) |
| 15:58 | Construir | Farm |
| 16:02 | Construir | Farm |
| 16:06 | Construir | Farm |
| 16:09 | Construir | Farm |
| 16:19 | Construir | Farm |
| 16:25 | Investigar | Castle Age |
| 16:25 | Investigar | Castle Age |
| 16:38 | Crear | Villager (Male) |
| 16:38 | Crear | Villager (Male) |
| 16:40 | Construir | Farm |
| 16:52 | Construir | Barracks |
| 17:01 | Crear | Villager (Male) |
| 17:11 | Construir | Mining Camp |
| 17:20 | Construir | Barracks |
| 17:21 | Crear | Villager (Male) |
| 17:37 | Crear | Villager (Male) |
| 17:46 | Investigar | Gold Mining |
| 17:49 | Construir | Lumber Camp |
| 18:10 | Crear | Villager (Male) |
| 18:11 | Crear | Villager (Male) |
| 18:17 | Construir | Stable |
| 18:18 | Crear | Villager (Male) |
| 18:25 | Construir | Stable |
| 18:29 | Crear | Villager (Male) |
| 18:33 | Construir | House |
| 18:34 | Construir | House |
| 18:54 | Construir | Siege Workshop |
| 19:07 | Crear | Villager (Male) |
| 19:07 | Edad | Edad de los Castillos |
| 19:12 | Investigar | Bow Saw |
| 19:12 | Investigar | Heavy Plow |
| 19:20 | Investigar | Bloodlines |
| 19:22 | Crear | Knight |
| 19:24 | Crear | Knight |
| 19:26 | Crear | Villager (Male) |
| 19:27 | Investigar | Scale Barding Armor |
| 19:27 | Investigar | Forging |
| 19:33 | Construir | House |
| 19:40 | Crear | Villager (Male) |
| 19:52 | Construir | Town Center |
| 19:58 | Crear | Knight |
| 19:59 | Crear | Knight |
| 20:00 | Crear | Villager (Male) |
| 20:02 | Crear | Villager (Male) |
| 20:05 | Construir | Farm |
| 20:08 | Construir | Farm |
| 20:27 | Crear | Knight |
| 20:29 | Crear | Villager (Male) |
| 20:31 | Crear | Battering Ram |
| 20:32 | Construir | House |
| 20:40 | Crear | Villager (Male) |
| 20:48 | Crear | Knight |
| 20:49 | Crear | Villager (Male) |
| 21:00 | Crear | Battering Ram |
| 21:01 | Crear | Villager (Male) |
Cronología de la partida
| 8:25 | Ace_Golden_Horse · age_up feudal |
| 8:49 | NO_AFK_PLZ:( · first_building Barracks |
| 10:10 | _ · age_up feudal |
| 10:31 | 菜就多练 · age_up feudal |
| 10:34 | NO_AFK_PLZ:( · age_up feudal |
| 10:41 | NO_AFK_PLZ:( · first_building Archery Range |
| 10:48 | [CL] Feargoras · age_up feudal |
| 11:00 | word马亚 · age_up feudal |
| 11:22 | 菜菜虎 · age_up feudal |
| 11:30 | 痛苦小果 · age_up feudal |
| 13:28 | [CL] Feargoras · age_up castle |
| 13:36 | [CL] Feargoras · first_building Monastery |
| 13:45 | word马亚 · age_up castle |
| 13:53 | word马亚 · first_building Monastery |
| 14:07 | _ · age_up castle |
| 14:26 | 菜就多练 · age_up castle |
| 14:44 | 菜菜虎 · age_up castle |
| 15:07 | 菜菜虎 · first_building Castle |
| 15:10 | 痛苦小果 · age_up castle |
| 16:16 | 菜菜虎 · wall_segment Palisade Wall x1 |
| 16:17 | 菜菜虎 · wall_segment Palisade Wall x1 |
| 16:52 | Ace_Golden_Horse · first_building Barracks |
| 17:13 | 痛苦小果 · first_building Castle |
| 18:06 | 菜就多练 · first_market_buy 100 stone |
| 18:17 | Ace_Golden_Horse · first_building Stable |
| 18:48 | 菜就多练 · first_building Castle |
| 18:54 | Ace_Golden_Horse · first_building Siege Workshop |
| 19:07 | Ace_Golden_Horse · age_up castle |
| 19:34 | 菜菜虎 · first_market_buy 100 food |
| 19:38 | word马亚 · first_building Siege Workshop |
| 20:21 | NO_AFK_PLZ:( · age_up castle |
| 20:27 | 痛苦小果 · first_building Barracks |
| 20:35 | 菜就多练 · first_market_sell 500 wood |
| 20:39 | 菜菜虎 · first_building Siege Workshop |
| 21:27 | 痛苦小果 · first_building Stable |
| 22:14 | 痛苦小果 · first_market_buy 100 wood |
| 23:26 | 菜就多练 · wall_segment Stone Wall x1 |
| 23:42 | 菜就多练 · first_building Siege Workshop |
| 24:00 | 菜就多练 · age_up imperial |
| 24:26 | 菜就多练 · wall_segment Stone Wall x4 |
| 24:29 | word马亚 · first_building Castle |
| 24:35 | [CL] Feargoras · first_building Stable |
| 24:42 | Ace_Golden_Horse · first_market_sell 100 wood |
| 24:58 | 痛苦小果 · first_market_sell 100 food |
| 25:02 | _ · first_building Castle |
| 25:13 | _ · first_building Siege Workshop |
| 26:44 | word马亚 · first_building Stable |
| 26:58 | NO_AFK_PLZ:( · first_market_buy 100 stone |
| 27:04 | [CL] Feargoras · first_building Castle |
| 27:18 | [CL] Feargoras · age_up imperial |
| 27:21 | 菜就多练 · wall_segment Stone Wall x1 |
| 27:26 | 菜就多练 · wall_segment Stone Wall x1 |
| 27:41 | 菜就多练 · wall_segment Stone Wall x1 |
| 27:43 | 菜就多练 · wall_segment Palisade Wall x1 |
| 28:00 | Ace_Golden_Horse · first_building Monastery |
| 28:31 | word马亚 · age_up imperial |
| 28:42 | _ · age_up imperial |
| 28:51 | 菜菜虎 · first_building Barracks |
| 29:19 | word马亚 · first_market_buy 100 stone |
| 29:41 | 菜菜虎 · first_building Archery Range |
| 30:58 | 菜就多练 · wall_segment Stone Wall x1 |
| 31:00 | Ace_Golden_Horse · first_building Castle |
| 31:37 | 菜菜虎 · age_up imperial |
| 31:43 | Ace_Golden_Horse · age_up imperial |
| 31:49 | 菜菜虎 · first_market_sell 100 food |
| 31:51 | NO_AFK_PLZ:( · wall_segment Stone Wall x8 |
| 31:54 | NO_AFK_PLZ:( · wall_segment Stone Wall x7 |
| 32:18 | Ace_Golden_Horse · first_market_buy 500 wood |
| 32:49 | 痛苦小果 · first_building Monastery |
| 33:08 | 菜就多练 · first_building Barracks |
| 33:50 | NO_AFK_PLZ:( · first_building Monastery |
| 34:03 | 菜就多练 · first_building Archery Range |
| 34:08 | 菜就多练 · wall_segment Stone Wall x5 |
| 35:49 | 菜就多练 · wall_segment Stone Wall x2 |
| 37:04 | _ · tribute_sent a jugador 1 |
| 37:04 | _ · tribute_sent a jugador 2 |
| 37:04 | _ · tribute_sent a jugador 3 |
| 37:04 | _ · tribute_sent a jugador 5 |
| 37:04 | _ · tribute_sent a jugador 6 |
| 37:04 | _ · tribute_sent a jugador 7 |
| 37:04 | _ · tribute_sent a jugador 8 |
| 37:12 | _ · tribute_sent a jugador 1 |
| 37:12 | _ · tribute_sent a jugador 2 |
| 37:12 | _ · tribute_sent a jugador 3 |
| 37:12 | _ · tribute_sent a jugador 5 |
| 37:12 | _ · tribute_sent a jugador 6 |
| 37:12 | _ · tribute_sent a jugador 7 |
| 37:12 | _ · tribute_sent a jugador 8 |
| 38:05 | 痛苦小果 · wall_segment Stone Wall x1 |
| 38:07 | NO_AFK_PLZ:( · age_up imperial |
| 38:37 | _ · first_building Barracks |
| 39:45 | word马亚 · tribute_sent a jugador 1 |
| 39:45 | word马亚 · tribute_sent a jugador 2 |
| 39:45 | word马亚 · tribute_sent a jugador 3 |
| 39:45 | word马亚 · tribute_sent a jugador 4 |
| 39:45 | word马亚 · tribute_sent a jugador 5 |
| 39:45 | word马亚 · tribute_sent a jugador 6 |
| 39:45 | word马亚 · tribute_sent a jugador 8 |
| 39:50 | [CL] Feargoras · first_market_sell 500 wood |
| 41:30 | word马亚 · resign |
[ ANÁLISIS IA · 1 CRÉDITO ]
¿Qué pasó realmente en esta partida?
Wolo.gg analiza cada decisión: build order, eco, micro, errores típicos por bracket. Análisis personalizado por WhatsApp o Discord en 30 segundos.
Guía civ
Britanos
Perfil
_